Map: Dusk Towers

Players

DeMusliM

  • Race: Terran Terran
  • League: Grandmaster

Lambo - Winner!

  • Race: Zerg Zerg
  • League: Grandmaster

Event: Homestory Cup XII

VOD

Have the link to the VOD?

Description

Time

  • Played on: Dec. 17, 2015, 12:16 p.m.
  • Length: 13:42

All games in this series

Show
View Real Time Build Order
Export as new Build Order

DeMusliM Terran 

Build Orders: Liberator Opening, Reaper Expand, Bio Tank, MMM Bio 

Get SALT Encoding   

  12  0:00  SCV  
  13  0:12  SCV  
  14  0:18  Supply Depot  
  14  0:25  SCV  
  15  0:40  SCV  
  15  0:41  Barracks  
  16  0:43  Refinery  
  16  0:52  SCV  
  17  1:04  SCV  
  18  1:16  SCV  
  19  1:28  Orbital Command  
  19  1:29  Reaper  
  20  1:39  Command Center  
  20  1:47  Supply Depot  
  20  1:54  SCV  
  21  2:01  Marine  
  22  2:06  SCV  
  23  2:11  Factory  
  23  2:12  Refinery  
  23  2:18  SCV  
  23  2:22  Barracks Reactor  
  24  2:30  SCV  
  25  2:42  SCV  
  26  2:52  Orbital Command  
  26  2:54  SCV  
  27  2:58  Starport  
  27  3:04  Hellion x2  
  27  3:05  Barracks Tech Lab  
  31  3:06  SCV  
  32  3:18  SCV  
  33  3:20  Liberator  
  33  3:21  SCV  
  34  3:30  SCV  
  34  3:31  Command Center  
  34  3:33  SCV  
  38  3:42  SCV  
  38  3:45  Siege Tank  
  42  3:48  Marine x2  
  42  3:51  Supply Depot  
  42  3:52  SCV  
  42  3:55  SCV  
  46  4:08  Supply Depot  
  46  4:13  SCV x2  
  46  4:15  Supply Depot  
  48  4:17  Siege Tank, Marine x2  
  53  4:25  SCV  
  53  4:29  SCV  
  53  4:30  Engineering Bay  
  55  4:31  Refinery, Engineering Bay  
  55  4:35  Refinery  
  55  4:36  Starport Reactor  
  55  4:37  SCV  
  56  4:42  SCV  
  56  4:43  Orbital Command  
  57  4:49  SCV  
  58  4:54  SCV  
  58  4:59  Terran Infantry Weapons Level 1  
  59  5:01  Terran Infantry Armor Level 1, SCV  
  59  5:03  Factory Reactor  
  59  5:06  SCV  
  61  5:09  SCV  
  61  5:11  Marine  
  61  5:13  SCV  
  64  5:17  Barracks  
  64  5:18  SCV  
  64  5:21  SCV, Barracks  
  66  5:25  SCV  
  67  5:29  Stimpack  
  67  5:30  SCV, Supply Depot  
  67  5:31  Supply Depot  
  67  5:32  Starport Reactor  
  67  5:33  SCV  
  69  5:37  Barracks  
  69  5:38  SCV  
  69  5:42  SCV  
  71  5:45  SCV  
  71  5:49  Barracks  
  72  5:50  SCV, Barracks  
  72  5:51  Factory Reactor  
  72  5:54  SCV  
  74  5:57  SCV  
  74  5:59  Supply Depot x2  
  74  6:02  Marauder  
  74  6:03  SCV  
  78  6:05  Refinery  
  78  6:06  SCV, Barracks Tech Lab  
  78  6:09  SCV  
  78  6:10  Armory  
  80  6:15  SCV  
  81  6:18  SCV, Marine x2  
  81  6:23  Marauder  
  86  6:27  Marauder, Marine x2  
  86  6:28  Widow Mine x2  
  86  6:29  Medivac x2  
  86  6:31  Bunker  
  96  6:33  Supply Depot  
  96  6:36  Marine x2  
  96  6:37  Barracks Reactor  
  96  6:38  Combat Shields, Marine x2  
  98  6:43  SCV  
  98  6:44  SCV x2  
  98  6:45  Marine, Marauder  
  104  6:51  Marauder, Marine  
  107  6:56  SCV x2  
  107  6:58  Terran Infantry Weapons Level 2, Barracks, Terran Infantry Armor Level 2  
  107  7:00  Barracks  
  109  7:01  Supply Depot  
  109  7:04  Supply Depot, Marine x2  
  111  7:10  Marine  
  111  7:11  Marauder  
  111  7:12  Widow Mine x2  
  111  7:13  Medivac  
  120  7:15  Marine  
  120  7:16  Marauder  
  120  7:18  Supply Depot  
  120  7:20  Supply Depot  
  123  7:25  Medivac  
  123  7:26  Marine x3  
  128  7:32  Marauder  
  128  7:34  Marine  
  128  7:35  Marine x4  
  135  7:37  Marauder  
  135  7:42  Command Center  
  127  7:45  Widow Mine x2  
  127  7:47  Marine  
  127  7:48  Barracks Reactor  
  127  7:49  Barracks Reactor  
  132  7:52  Marine  
  132  7:53  Marauder  
  132  7:56  Marine  
  132  7:57  Concussive Shells, Marine  
  137  7:59  Marauder  
  137  8:00  Medivac x2  
  143  8:13  Marine x3  
  143  8:14  Terran Vehicle And Ship Armor Level 1, Marine x2  
  143  8:15  Marauder  
  143  8:18  Supply Depot x3  
  143  8:19  Supply Depot  
  150  8:24  Marauder, Marine x3  
  150  8:25  Marine x4  
  159  8:32  Medivac x2  
  159  8:33  Marine  
  164  8:40  Marauder, Widow Mine x2  
  170  8:41  Marine  
  170  8:46  Marauder  
  173  8:50  Marine x2  
  175  8:58  Marine  
  175  8:59  Marine x4  
  175  9:01  Marauder, Marine x3  
  177  9:02  Marine  
  177  9:07  Marauder  
  179  9:12  Marine  
  179  9:15  Marine  
  176  9:18  Marine  
  176  9:20  Marine x4  
  176  9:23  Marauder  
  179  9:24  Medivac  
  179  9:25  Marine  
  179  9:28  Marauder  
  182  9:42  Marine x3  
  182  9:44  Marauder  
  161  9:47  Marine x3  
  161  9:48  Marine  
  161  9:49  Planetary Fortress  
  161  9:50  Marauder  
  155  9:55  Marine  
  155  9:56  Marine x2  
  155  9:57  Widow Mine x2  
  154  10:02  Marine  
  154  10:05  Marauder, Medivac  
  159  10:09  Marine x2  
  159  10:11  Marauder, Orbital Command  
  163  10:19  SCV x2  
  158  10:22  Marine  
  158  10:25  Widow Mine  
  158  10:27  Marauder  
  163  10:31  SCV  
  163  10:33  Marauder  
  166  10:39  Starport  
  150  10:44  Liberator x2  
  150  10:45  Marine  
  150  10:46  Marine x6  
  150  10:48  Marauder  
  153  10:54  Marauder  
  153  10:56  Marine x2  
  153  10:57  Marine  
  157  10:59  Marine  
  157  11:00  Marine  
  157  11:02  Widow Mine x2  
  170  11:07  Marine x2  
  170  11:09  Marauder  
  174  11:12  Terran Vehicle And Ship Armor Level 2  
  174  11:15  Marauder  
  174  11:16  Marine  
  177  11:26  Marine x3  
  177  11:31  Barracks, Marauder  
  177  11:32  Barracks, Starport Reactor  
  182  11:34  Starport  
  182  11:37  Refinery, Marauder  
  184  11:41  Marine  
  185  11:52  Marauder  
  181  12:06  Marine  
  181  12:07  Marauder, Marine x2  
  186  12:10  Refinery  
  186  12:12  Refinery  
  186  12:14  Marauder  
  184  12:17  Liberator  
  184  12:18  Liberator  
  184  12:22  Marine  
  169  12:27  Ghost Academy  
  169  12:28  Barracks x2  
  158  12:31  Command Center  
  158  12:33  Command Center  
  158  12:34  Marauder, Liberator x2, Marine x6  
  170  12:50  Marauder, Marine x2  
  174  12:54  Starport Tech Lab  
  174  12:55  Fusion Core  
  180  12:59  Barracks Tech Lab x2  
  161  13:16  Marauder, Marine x2  
  161  13:18  Marauder, Marine x2  
  161  13:19  Marine x3  
  143  13:20  Marauder, Marine  
  143  13:21  Marine x4  
Show
View Real Time Build Order
Export as new Build Order

Lambo Zerg - Winner!

Build Orders: Hatch First 

Get SALT Encoding   

  12  0:01  Drone  
  13  0:12  Overlord  
  13  0:17  Drone  
  14  0:32  Drone  
  14  0:33  Drone  
  16  0:37  Drone  
  17  0:52  Hatchery  
  17  0:56  Drone  
  17  1:08  Spawning Pool  
  17  1:11  Drone  
  17  1:15  Drone  
  18  1:34  Hatchery  
  18  1:37  Drone  
  18  1:39  Drone  
  19  1:43  Drone  
  20  1:52  Extractor  
  19  1:54  Queen  
  21  2:04  Queen  
  21  2:06  Zergling x2  
  24  2:09  Zergling x2  
  24  2:12  Drone  
  24  2:14  Drone  
  27  2:20  Overlord  
  27  2:37  Drone  
  27  2:38  Queen  
  27  2:43  Drone  
  30  2:44  Drone  
  30  2:48  Queen  
  33  2:57  Drone x2  
  33  2:58  Drone  
  36  3:01  Metabolic Boost  
  36  3:08  Drone x2  
  36  3:12  Overlord  
  38  3:18  Drone x3  
  41  3:28  Overlord  
  41  3:35  Drone x7  
  48  3:42  Drone  
  49  3:49  Roach Warren, Drone x3, Extractor  
  49  3:52  Queen  
  52  3:58  Zergling x4  
  52  3:59  Zergling x2  
  52  4:02  Drone x2  
  57  4:04  Overlord  
  57  4:09  Overlord  
  57  4:12  Overlord  
  57  4:16  Overlord  
  57  4:21  Spore Crawler  
  56  4:29  Drone x2  
  56  4:30  Drone x5  
  63  4:35  Lair  
  63  4:36  Evolution Chamber  
  63  4:37  Evolution Chamber  
  63  4:38  Drone x5  
  66  4:54  Roach  
  66  4:55  Roach x2  
  66  4:57  Overlord  
  72  5:00  Drone x4  
  72  5:02  Extractor x2  
  72  5:04  Extractor  
  72  5:05  Drone  
  72  5:06  Drone x3, Extractor  
  76  5:14  Overlord  
  76  5:15  Drone x6  
  76  5:18  Zerg Melee Weapons Level 1  
  82  5:23  Overlord  
  82  5:37  Glial Reconstitution  
  82  5:39  Infestation Pit  
  82  5:40  Hatchery, Drone x4  
  82  5:41  Drone x3  
  87  5:44  Roach x3  
  87  5:47  Ravager x2  
  95  5:53  Overlord  
  95  5:56  Overlord  
  95  5:59  Zerg Ground Armor Level 1  
  95  6:00  Drone, Overlord  
  96  6:07  Hatchery  
  95  6:17  Drone x7  
  102  6:32  Hive  
  102  6:33  Roach x5  
  111  6:40  Drone x4  
  111  6:44  Overlord x2  
  111  6:45  Pneumatized Carapace  
  115  6:53  Queen  
  117  6:58  Overlord x2  
  117  6:59  Roach, Zergling x4  
  117  7:00  Zergling x4  
  123  7:03  Infestor x3  
  123  7:05  Zergling x2  
  130  7:14  Zergling x8  
  134  7:18  Overseer  
  134  7:21  Overseer  
  134  7:26  Zergling x4, Extractor  
  134  7:27  Extractor, Zergling x14  
  141  7:46  Adrenal Glands  
  141  7:48  Ultralisk Cavern  
  141  7:49  Drone x3  
  141  7:50  Drone  
  144  7:53  Zerg Ground Armor Level 2, Zerg Melee Weapons Level 2  
  144  7:55  Zergling x2  
  144  7:56  Roach x2, Zergling x18  
  158  7:58  Overlord  
  158  7:59  Overlord  
  158  8:00  Hatchery  
  157  8:12  Overlord x2  
  157  8:25  Viper  
  157  8:26  Viper  
  163  8:35  Zergling x2  
  163  8:36  Zergling x30  
  163  8:37  Ultralisk  
  163  8:38  Ultralisk, Chitinous Plating  
  163  8:41  Zergling x10  
  192  8:48  Overlord x2  
  192  8:51  Overlord  
  192  8:52  Overseer  
  192  8:53  Overlord  
  189  9:05  Zergling x8  
  189  9:06  Zergling x10  
  197  9:13  Ultralisk  
  175  9:25  Ultralisk x2  
  175  9:26  Ultralisk x2  
  175  9:27  Zergling x2  
  175  9:28  Zergling x6  
  197  9:35  Zergling x2  
  197  9:36  Zergling x8  
  195  9:44  Zergling x2  
  195  9:45  Ultralisk, Zergling x6  
  179  9:50  Overseer  
  164  9:53  Zergling x6  
  164  9:59  Ultralisk  
  155  10:04  Zergling x6  
  155  10:05  Ravager  
  155  10:06  Ravager  
  160  10:10  Zergling x4  
  155  10:17  Zergling x6  
  152  10:22  Ultralisk  
  152  10:24  Zerg Melee Weapons Level 3  
  158  10:32  Pathogen Glands  
  158  10:34  Zergling x12  
  164  10:40  Zergling x8  
  162  10:57  Hatchery  
  162  11:01  Infestor x4  
  169  11:06  Zergling x2  
  169  11:07  Zergling x6  
  169  11:10  Overseer  
  173  11:13  Overseer  
  173  11:15  Zergling x8  
  177  11:20  Spire  
  177  11:23  Zergling x10  
  177  11:24  Extractor  
  179  11:27  Extractor  
  179  11:29  Zergling x12  
  184  11:41  Zergling x6  
  184  11:42  Zergling x6  
  184  11:43  Overlord x2  
  184  11:46  Overseer  
  184  11:56  Ultralisk  
  185  12:09  Ultralisk x2  
  185  12:14  Zergling x2  
  185  12:15  Zergling x18  
  187  12:21  Extractor  
  178  12:27  Viper  
  181  12:31  Zergling x2  
  181  12:32  Zergling x8  
  186  12:50  Zergling x14  
  193  12:55  Hatchery  
  192  13:05  Zergling x6  
  182  13:14  Zergling x2  
  182  13:15  Zergling x6  
  168  13:24  Zergling x14  
Tags
 
Add a new tag
Caveats
  • Supply blocks, unpowered buildings, or Contaminate may cause inaccurate times.
  • Supply counts are checked every 10 seconds.